 Dungeon Crawl Stone Soup version 0.28-a0-1616-g050a50673c (webtiles) character file.

Game seed: 4664405979602132248

307 Peloso the Covered (level 6, -2/53 HPs)
             Began as a Minotaur Fighter on Jan 22, 2022.
             Was an Initiate of Okawaru.
             Slain by Menkaure (15 damage)
             ... on level 4 of the Dungeon.
             The game lasted 00:06:53 (3913 turns).

Peloso the Covered (Minotaur Fighter)               Turns: 3913, Time: 00:06:54

Health: -2/53      AC:  9    Str: 20    XL:     6   Next: 16%
Magic:  5/5        EV:  7    Int:  5    God:    Okawaru [......]
Gold:   47         SH:  5    Dex: 12    Spells: 5/5 levels left

rFire   . . .      SeeInvis .   a - +0 long sword
rCold   . . .      Faith    .   c - +0 buckler
rNeg    . . .      Spirit   .   q - +0 chain mail
rPois   .          Reflect  .   (helmet restricted)
rElec   .          Harm     .   (no cloak)
rCorr   .          Rampage  .   (no gloves)
Will    .....                   (no boots)
Stlth   ..........              (no amulet)
HPRegen 0.17/turn               (no ring)
MPRegen 0.09/turn               (no ring)

@: no status effects
A: horns 2, retaliatory headbutt
a: Renounce Religion


You were on level 4 of the Dungeon.
You worshipped Okawaru.
Okawaru was noncommittal.
You visited 1 branch of the dungeon, and saw 4 of its levels.

You collected 112 gold pieces.
You spent 65 gold pieces at shops.

Inventory:

Hand Weapons
 a - a +0 long sword (weapon)
Missiles
 p - a throwing net (quivered)
Armour
 b - a +0 scale mail
 c - a +0 buckler (worn)
 q - a +0 chain mail (worn)
Jewellery
 s - a ring of flight
Scrolls
 e - a scroll of identify
 f - 2 scrolls of fog
 h - 2 scrolls of teleportation
 i - a scroll of immolation {unknown}
 j - a scroll of amnesia {unknown}
 k - 3 scrolls of magic mapping
 n - a scroll of vulnerability {unknown}
 o - a scroll of summoning {unknown}
 r - a scroll of noise {unknown}
 u - a scroll of enchant armour {unknown}
Potions
 d - 2 potions of might
 g - a potion of curing
 l - a potion of resistance
 m - a potion of mutation {unknown}
 t - a potion of cancellation {unknown}


   Skills:
 + Level 4.6 Fighting
 + Level 5.0 Long Blades
 + Level 5.1 Armour
 + Level 1.3 Dodging
 + Level 0.3 Stealth
 + Level 4.8 Shields


You had 5 spell levels left.
You didn't know any spells.
Your spell library was empty.

Dungeon Overview and Level Annotations

Branches:
Dungeon (4/15)
 Temple: D:4-7

Altars:
Okawaru

Shops:
D:1 =:***

Annotations:
D:4 Menkaure


Innate Abilities, Weirdness & Mutations

You have a pair of horns on your head.
You reflexively headbutt those who attack you in melee.


Message History

Reactivating autopickup.
You feel a bit more experienced.
Your Long Blades skill increases to level 5!
Unknown command.
You hit the endoplasm.
The endoplasm is moderately wounded.
The endoplasm jiggles.
The endoplasm barely misses you.
Unknown command.
You hit the endoplasm.
The endoplasm is almost dead.
The endoplasm barely misses you.
Unknown command.
You hit the endoplasm but do no damage. You headbutt the endoplasm.
You kill the endoplasm!
Okawaru accepts your kill.
There is a stone staircase leading down here.
Things that are here:
a +0 dagger; a +1 robe of fire resistance; an orc corpse
There is a stone staircase leading down here.
Things that are here:
a +0 dagger; a +1 robe of fire resistance; an orc corpse You start resting.
HP restored.
You climb downwards.
Level annotation: Menkaure
There is a stone staircase leading up here.
Menkaure calls on the powers of darkness!
Your body is wracked with pain!
You hit Menkaure.
Menkaure is lightly damaged.
Menkaure hits you!
* * * LOW HITPOINT WARNING * * *
You slash Menkaure!
Menkaure is moderately damaged.
Menkaure barely misses you.
You hit Menkaure.
Menkaure is heavily damaged.
Menkaure hits you!
You die...

#.# #.# ..# K...#
#.# ..?# #.#
...######.#
K........##
.......M@<##
#.###..#.#.########
#.# #..............
#รท#
##.#.#.########
#<#####...##
#........##
##########


You could see Menkaure.

Vanquished Creatures
  A phantom (D:3)
  A hound (D:4)
  An orc priest (D:3)
  Natasha (D:3)
  An orc wizard (D:3)
  5 adders
  4 dart slugs
  5 orcs (D:3)
  6 bats
  13 endoplasms
  5 giant cockroaches
  3 goblins
  4 hobgoblins
  A jackal (D:2)
  3 kobolds
  A quokka (D:2)
  3 ball pythons
  4 frilled lizards
  5 rats
67 creatures vanquished.

Notes
Turn   | Place    | Note
-------+----------+-------------------------------------------
     0 | D:1      | Peloso the Minotaur Fighter began the quest for the Orb.
     0 | D:1      | Reached XP level 1. HP: 19/19 MP: 0/0
    60 | D:1      | Found Ycsour's Jewellery Boutique.
   177 | D:1      | Found Fishraat's Book Shop.
   180 | D:1      | Reached XP level 2. HP: 27/27 MP: 1/1
   185 | D:1      | Found Antysm's General Store.
   247 | D:1      | Found Junue's Assorted Antiques.
   450 | D:1      | Found Togrul's General Store.
   837 | D:2      | Reached XP level 3. HP: 33/33 MP: 2/2
  1261 | D:2      | Found a faded altar of an unknown god.
  1556 | D:2      | Reached XP level 4. HP: 30/40 MP: 3/3
  1717 | D:1      | Bought a scroll of magic mapping for 45 gold pieces
  1724 | D:1      | Bought a scroll of identify for 20 gold pieces
  1775 | D:3      | Found an iron altar of Okawaru.
  1781 | D:3      | Became a worshipper of Warmaster Okawaru
  2035 | D:3      | Noticed a phantom
  2136 | D:3      | Killed a phantom
  2137 | D:3      | Reached XP level 5. HP: 26/47 MP: 4/4
  2295 | D:3      | Noticed Natasha
  2306 | D:3      | Reached skill level 1 in Dodging
  2319 | D:3      | Killed Natasha
  2851 | D:4      | Noticed Menkaure
  3011 | D:4      | Reached skill level 5 in Armour
  3011 | D:4      | Reached XP level 6. HP: 27/53 MP: 5/5
  3781 | D:3      | Reached skill level 5 in Long Blades
  3913 | D:4      | Slain by Menkaure

Illustrated notes

Levels and vault maps discovered:
D:1:      lemuel_arrival_cross, layout_rooms, serial_shops, shop_fountains,
          shop, nicolae_shop_behind_doors, shop, nicolae_shop_statue_plus,
          feat_on_display
D:2:      layout_loops_cross, shapermc_ecumenical_altar_petra,
          mrwooster_statue_mirror, grunt_decor_fettered
D:3:      layout_basic, overflow_temple_1_default, okawaru_gym_becter,
          ebering_ghost_disaster_area, minmay_fractal_squares_5, uniq_natasha
D:4:      layout_loops_ring, temple_fountains, uniq_blork_the_orc, uniq_menkaure

Skill      XL: |  1  2  3  4  5  6 |
---------------+-------------------+-----
Shields        | 4 |  4.8
Fighting       | 4 |  4.6
Armour         | 4 5 |  5.1
Long Blades    | 3 4 5 |  5.0
Dodging        | 1 |  1.3
Stealth        | |  0.3

Action                   |  1- 3 |  4- 6 || total
-------------------------+-------+-------++-------
Melee: Long sword        |    69 |    76 ||   145
       Headbutt          |     8 |    14 ||    22
  Use: Scroll            |       |     4 ||     4
       Potion            |       |     1 ||     1
Armor: Scale mail        |    42 |       ||    42
       Chain mail        |       |    49 ||    49
Dodge: Dodged            |    37 |    30 ||    67
Block: Buckler           |    17 |    28 ||    45

Table legend: (Time is in decaauts)
 A = Elapsed time spent in this place.
 B = Non-inter-level travel time spent in this place.
 C = Inter-level travel time spent in this place.
 D = Time resting spent in this place.
 E = Time spent auto-exploring this place.
 F = Levels seen in this place.
 G = Mean time per level.
                   A        B        C        D        E       F      G
               +--------+--------+--------+--------+--------+-----+--------+
         Total |   3969 |   3763 |    206 |    950 |   2153 |   4 |  992.2 |
       Dungeon |   3969 |   3763 |    206 |    950 |   2153 |   4 |  992.2 |
               +--------+--------+--------+--------+--------+-----+--------+

Top non-repeatable levels by time:
     D:3: 2070 daAuts
     D:2: 980 daAuts
     D:1: 856 daAuts
     D:4: 62 daAuts
